 Dungeon Crawl Stone Soup version 0.20.1-1-g8b1a95d (webtiles) character file.

7847 Lanoc the Covert (level 11, -11/48 HPs)
             Began as a Felid Monk on Nov 28, 2017.
             Was a High Priest of Vehumet.
             Killed from afar by a naga mage (25 damage)
             ... with a bolt of poison
             ... on level 1 of the Snake Pit.
             The game lasted 01:37:53 (12723 turns).

Lanoc the Covert (Felid Monk)                      Turns: 12723, Time: 01:37:55

Health: -11/48     AC:  2    Str:  7    XL:     11   Next: 2%
Magic:  18/30      EV: 27    Int: 15    God:    Vehumet [*****.]
Gold:   738        SH:  0    Dex: 19    Spells: 5/22 levels left
                                        Lives:  0   Deaths: 3

rFire    . . .     SeeInvis +     - Unarmed
rCold    . . .     Gourm    .   (shield unavailable)
rNeg     . . .     Faith    .   (armour unavailable)
rPois    .         Spirit   .   (helmet unavailable)
rElec    .         Reflect  .   (cloak unavailable)
rCorr    .         Harm     .   (gloves unavailable)
MR       +....                  (boots unavailable)
Stlth    +++++.....             e - amulet of regeneration
Regen    0.6/turn               k - ring of magical power
MPRegen  0.3/turn               (no ring)

@: lethally poisoned (-11 -> -21), drained, quick
A: no armour, no weapons or thrown items, stealth, claws 1, fangs 3, see
invisible, carnivore 3, speed 1, shaggy fur 2, slow metabolism 1, sharp paws
a: Renounce Religion


You were on level 1 of the Snake Pit.
You worshipped Vehumet.
Vehumet was extremely pleased with you.
You were very full.

You visited 3 branches of the dungeon, and saw 14 of its levels.
You also visited: Labyrinth.

You collected 738 gold pieces.

Inventory:

Jewellery
 e - an amulet of regeneration (around neck)
 k - a ring of magical power (left paw)
 x - a +3 amulet of reflection
 F - a +2 amulet of reflection
Wands
 h - a wand of digging (9/24)
 j - a wand of flame (38/48)
 l - a wand of polymorph (9/24)
 u - a wand of acid (7/15)
 v - a wand of lightning (0/15)
 w - a wand of lightning (9/15)
 A - a wand of iceblast (12/15)
 B - a wand of iceblast (12/15)
 C - a wand of flame (15/48)
Scrolls
 c - a scroll of fog
 d - 2 scrolls of immolation
 g - 2 scrolls of teleportation
 m - a scroll of fear
 n - 5 scrolls of magic mapping
 y - 2 scrolls of remove curse
 z - 2 scrolls of recharging
Potions
 i - 2 potions of mutation
 o - a potion of magic
 p - 3 potions of flight
Books
 b - Jogan's Reference Book on Weightlessness
   (You found it in a labyrinth)

   Spells                             Type                      Level
   a - Static Discharge               Conjuration/Air              3
   b - Silence                        Hexes/Air                    5
 f - a book of Maledictions

   Spells                             Type                      Level
   a - Corona                         Hexes                        1
   b - Ensorcelled Hibernation        Hexes/Ice                    2
   c - Confuse                        Hexes                        3
   d - Tukima's Dance                 Hexes                        3
   e - Dazzling Spray                 Conjuration/Hexes            3
 r - a book of Conjurations

   Spells                             Type                      Level
   a - Magic Dart                     Conjuration                  1
   b - Searing Ray                    Conjuration                  2
   c - Dazzling Spray                 Conjuration/Hexes            3
   d - Fulminant Prism                Conjuration/Hexes            4
   e - Force Lance                    Conjuration/Translocation    4
   f - Iskenderun's Mystic Blast      Conjuration                  4
 s - a book of Callings

   Spells                             Type                      Level
   a - Summon Small Mammal            Summoning                    1
   b - Call Imp                       Summoning                    2
   c - Call Canine Familiar           Summoning                    3
   d - Summon Guardian Golem          Hexes/Summoning              3
   e - Summon Lightning Spire         Summoning/Air                4
   f - Summon Ice Beast               Ice/Summoning                4
 t - Sif Muna's Collected Works on Feathers
   (You found it in a labyrinth)

   Spells                             Type                      Level
   a - Poisonous Vapours              Poison/Air                   2
   b - Airstrike                      Air                          4
   c - Lightning Bolt                 Conjuration/Air              5
   d - Tornado                        Air                          9
Miscellaneous
 D - a phial of floods
Comestibles
 a - 6 meat rations
 q - 4 royal jellies


   Skills:
 + Level 5.3(4.9) Fighting
 + Level 10.8(10.3) Dodging
 + Level 11.6(11.1) Stealth
 + Level 11.0(10.5) Unarmed Combat
 * Level 6.3(5.9) Spellcasting
 * Level 5.6(5.2) Conjurations
 + Level 1.9(1.5) Hexes
 + Level 0.8(0.4) Translocations
 + Level 1.0(0.7) Fire Magic
 + Level 2.2(1.8) Ice Magic
   Level 0.1(0.0) Air Magic
 + Level 0.2(0.0) Evocations


You had 5 spell levels left.
You knew the following spells:

 Your Spells              Type           Power        Failure   Level  Hunger
a - Magic Dart            Conj           ###.         1%          1    None
b - Searing Ray           Conj           ###...       1%          2    #......
c - Ensorcelled Hibernat  Hex/Ice        #.....       11%         2    #......
d - Throw Frost           Conj/Ice       ###...       1%          2    #......
e - Throw Flame           Conj/Fire      ##....       1%          2    #......
f - Force Lance           Conj/Tloc      ##......     12%         4    ####...
g - Iskenderun's Mystic   Conj           ###.....     4%          4    ####...


Dungeon Overview and Level Annotations

Branches:
Dungeon (11/15)            Temple (0/1) D:7            Lair (2/6) D:11
  Snake (1/4) Lair:2
  Swamp: Lair:2-4    Shoals: Lair:2-4       Orc: D:9-12

Altars:
Ashenzari
Cheibriados
Elyvilon
Gozag
Hepliaklqana
Nemelex Xobeh
Okawaru
Qazlal
Sif Muna
Trog
Vehumet
Xom
Yredelemnul
Zin
The Shining One

Shops:
D:7 *   D:10 [

Annotations:
D:4 Menkaure, Pikel
D:5 Blork the orc
D:8 Brandom's ghost, novice FoAK
D:9 AdmiralAndromeda's ghost, novice DsGl
D:10 Sonja


Innate Abilities, Weirdness & Mutations

You cannot wear armour.
You are incapable of wielding weapons or throwing items.
Your paws allow you to move quietly. (Stealth)
You have sharp claws.
You have razor-sharp teeth.
You have supernaturally acute eyesight. (SInv)
You are carnivorous and can eat meat at any time.
You cover ground quickly.
You are covered in thick fur. (AC +2)
You have a slow metabolism.
Your sharp claws are effective at attacking unaware monsters.


Message History

The naga mage resists with almost no effort.
You feel sick.
Casting: Ensorcelled Hibernation
Confirm with . or Enter, or press ? or * to list all spells.
Aiming: Ensorcelled Hibernation
Press: ? - help, Shift-Dir - straight line, f/p - naga mage
Aim: a naga mage, wielding a whip of draining (moderately wounded, chance to defeat MR: 12%)
The naga mage resists with almost no effort.
Casting: Ensorcelled Hibernation
Confirm with . or Enter, or press ? or * to list all spells.
Aiming: Ensorcelled Hibernation
Press: ? - help, Shift-Dir - straight line, f/p - naga mage
Aim: a naga mage, wielding a whip of draining (moderately wounded, chance to defeat MR: 12%)
The naga mage resists with almost no effort.
You feel sick. The naga mage casts a spell at you. The bolt of poison hits you!
You are more poisoned.
Ouch! That really hurt!
You die...

###.#####..........
###.### #.........#
#.....# #.#######.
#.....# ..# #>....#
.## #^....##.#
#.)...#..#
#.....#.##
#..@.N...##
#######...#
###.#.....#
#...#####.# #.###
#.# #.# #.# #N#


You could see a naga mage.

Vanquished Creatures
  A minotaur (Lab)
  A hydra (Lair:2)
  An anaconda (Snake:1)
  Urug (D:10)
  An unseen horror (D:11)
  A mana viper (Snake:1)
  The ghost of Lanoc the Cutter, a novice TrAs (D:5)
  2 naga magi (Snake:1)
  3 spiny frogs (Lair:1)
  A gargoyle (D:11)
  2 komodo dragons (Lair:1)
  A polar bear (Lair:2)
  A hippogriff (Lair:1)
  3 yaks (D:9)
  A basilisk (Lair:1)
  Edmund (D:4)
  An acid dragon (D:11)
  7 nagas
  5 water moccasins
  2 porcupines (Lair:1)
  6 orc warriors
  2 black bears
  An ice beast (D:7)
  2 slaves (D:4)
  6 ogres
  6 crocodiles
  A big kobold (D:10)
  5 bullfrogs
  5 killer bees
  A howler monkey (D:6)
  A quasit (D:9)
  2 bullfrog zombies
  5 crimson imps
  A jelly (D:8)
  5 orc priests
  Crazy Yiuf (D:3)
  9 orc wizards
  6 hounds
  A bullfrog skeleton (D:10)
  2 centaur skeletons
  An iguana (D:6)
  Ijyb (D:5)
  3 worker ants
  2 hound skeletons
  Robin (D:3)
  13 adders
  A shadow imp (D:4)
  An ooze (D:4)
  An adder skeleton (D:5)
  4 worms
  2 dart slugs
  8 leopard geckos
  46 orcs
  7 giant cockroaches
  13 goblins
  2 hobgoblins
  8 kobolds
  2 quokkas
  3 ball pythons
  3 bats
  6 frilled lizards
  A jackal skeleton (D:5)
  2 leopard gecko skeletons (D:5)
  A quokka skeleton (D:4)
  A quokka zombie (D:7)
  4 rats
  A fungus (Lair:1)
  A plant (Lair:2)
244 creatures vanquished.

Vanquished Creatures (others)
  2 fungi
2 creatures vanquished.

Grand Total: 246 creatures vanquished

Notes
Turn   | Place    | Note
-------+----------+-------------------------------------------
     0 | D:1      | Lanoc the Felid Monk began the quest for the Orb.
     0 | D:1      | Reached XP level 1. HP: 10/10 MP: 2/2
   114 | D:1      | Reached XP level 2. HP: 9/14 MP: 3/3
   540 | D:2      | Reached XP level 3. HP: 16/17 MP: 4/4
   855 | D:2      | Reached XP level 4. HP: 20/21 MP: 5/5
  1237 | D:3      | Noticed Robin
  1269 | D:3      | Slain by Robin
  1270 | D:3      | Reached XP level 3. HP: -2/17 MP: 4/4
  1270 | D:3      | Found a runed door.
  1324 | D:3      | Found an opulent altar of Gozag.
  1337 | D:3      | Noticed an ogre
  1349 | D:3      | Killed an ogre
  1349 | D:3      | Reached skill level 5 in Stealth
  1349 | D:3      | Reached XP level 4. HP: 19/21 MP: 5/5
  1608 | D:3      | Reached XP level 5. HP: 24/24 MP: 6/6
  1795 | D:3      | Found a glowing golden altar of the Shining One.
  1842 | D:3      | Killed Robin
  2010 | D:3      | Noticed Crazy Yiuf
  2016 | D:3      | Killed Crazy Yiuf
  2016 | D:3      | Reached skill level 5 in Unarmed Combat
  2080 | D:4      | Learned a level 1 spell: Magic Dart
  2140 | D:4      | Reached skill level 5 in Dodging
  2298 | D:4      | Noticed Pikel
  2298 | D:4      | Noticed a slave
  2303 | D:4      | Found a stormy altar of Qazlal.
  2303 | D:4      | Noticed a slave
  2303 | D:4      | Noticed a slave
  2376 | D:4      | Noticed an ogre
  2383 | D:4      | Noticed Menkaure
  2436 | D:4      | Killed a slave
  2529 | D:4      | Noticed a slave
  2582 | D:4      | Killed an ogre
  2582 | D:4      | Reached skill level 1 in Spellcasting
  2582 | D:4      | Gained mutation: You are covered in thick fur. (AC +2) [Felid growth]
  2582 | D:4      | Reached XP level 6. HP: 28/28 MP: 6/8
  2601 | D:4      | Learned a level 2 spell: Searing Ray
  2695 | D:4      | Noticed Edmund
  3150 | D:4      | Found a glowing silver altar of Zin.
  3347 | D:4      | Killed Edmund
  3570 | D:4      | Killed a slave
  3632 | D:4      | Reached XP level 7. HP: 24/31 MP: 5/10
  3647 | D:5      | Entered Level 5 of the Dungeon
  3654 | D:5      | Found a radiant altar of Vehumet.
  3746 | D:5      | Found a shattered altar of Ashenzari.
  3772 | D:5      | You fall through a shaft!
  3869 | D:5      | Reached skill level 1 in Conjurations
  3925 | D:5      | Became a worshipper of Vehumet
  3925 | D:5      | Reached * piety under Vehumet
  3925 | D:5      | Offered knowledge of Shock by Vehumet.
  3925 | D:5      | Reached ** piety under Vehumet
  3928 | D:5      | Learned a level 1 spell: Shock
  3951 | D:5      | Found a shimmering altar of Xom.
  3994 | D:5      | Offered knowledge of Throw Frost by Vehumet.
  3998 | D:5      | Learned a level 2 spell: Throw Frost
  4097 | D:5      | Noticed Ijyb
  4125 | D:5      | Killed Ijyb
  4281 | D:5      | Noticed Blork the orc
  4415 | D:5      | Noticed Lanoc's ghost (novice TrAs)
  4469 | D:5      | Killed Lanoc's ghost
  4469 | D:5      | Reached XP level 8. HP: 9/36 MP: 10/12
  4524 | D:5      | Found an iron altar of Okawaru.
  4792 | D:6      | Found a hazy altar of Hepliaklqana.
  4941 | D:6      | Found a bloodstained altar of Trog.
  5381 | D:6      | Found a snail-covered altar of Cheibriados.
  5388 | D:6      | Found a white marble altar of Elyvilon.
  5390 | D:6      | Found a basalt altar of Yredelemnul.
  5392 | D:6      | Found a sparkling altar of Nemelex Xobeh.
  5814 | D:6      | Offered knowledge of Throw Flame by Vehumet.
  6387 | D:7      | Found Qopunarr's General Store.
  6516 | D:7      | Learned a level 2 spell: Throw Flame
  6642 | D:7      | Reached XP level 9. HP: 39/39 MP: 0/14
  6704 | D:7      | Found a staircase to the Ecumenical Temple.
  6719 | D:7      | Reached *** piety under Vehumet
  7142 | D:7      | Found a deep blue altar of Sif Muna.
  7804 | D:8      | Noticed Brandom's ghost (novice FoAK)
  8026 | D:8      | Noticed a purple ugly thing
  8216 | D:8      | Reached skill level 1 in Ice Magic
  8363 | D:9      | Offered knowledge of Airstrike by Vehumet.
  8363 | D:9      | Reached skill level 1 in Fire Magic
  8367 | D:9      | Noticed AdmiralAndromeda's ghost (novice DsGl)
  8484 | D:9      | Slain by AdmiralAndromeda's ghost
  8485 | D:9      | Reached XP level 8. HP: -2/36 MP: 15/15
  8586 | D:10     | Entered Level 10 of the Dungeon
  8586 | D:10     | Noticed Urug
  8588 | D:10     | Killed Urug
  8588 | D:10     | Reached XP level 9. HP: 20/39 MP: 6/16
  8642 | D:10     | Learned a level 4 spell: Force Lance
  8850 | D:10     | Found Zoidghy's Antique Armour Boutique.
  8999 | D:10     | Reached **** piety under Vehumet
  9334 | D:10     | Offered knowledge of Sticky Flame by Vehumet.
  9411 | D:10     | Noticed Sonja
  9581 | D:11     | Found a staircase to the Lair.
  9584 | D:11     | Noticed a cyclops
  9619 | D:11     | Reached skill level 10 in Unarmed Combat
  9706 | D:11     | Noticed a gargoyle
  9756 | D:11     | Noticed an unseen horror
  9778 | D:11     | Killed a gargoyle
  9778 | D:11     | Reached XP level 10. HP: 32/43 MP: 4/17
  9798 | D:11     | Noticed a white ugly thing
  9821 | D:11     | Killed an unseen horror
  9821 | D:11     | Reached skill level 10 in Stealth
  9885 | Lair:1   | Entered Level 1 of the Lair of Beasts
  9885 | Lair:1   | Noticed a spiny frog
  9889 | Lair:1   | Killed a spiny frog
 10029 | Lair:1   | Reached skill level 5 in Fighting
 10121 | Lair:1   | Noticed a spiny frog
 10174 | Lair:1   | Killed a spiny frog
 10337 | Lair:1   | Reached ***** piety under Vehumet
 10337 | Lair:1   | Reached skill level 10 in Dodging
 10337 | Lair:1   | Reached skill level 5 in Spellcasting
 10414 | Lair:1   | Noticed a spiny frog
 10471 | Lair:1   | Found an opulent altar of Gozag.
 10830 | Lair:1   | Killed a spiny frog
 10933 | Lair:1   | Learned a level 4 spell: Iskenderun's Mystic Blast
 11006 | Lair:1   | Offered knowledge of Ozocubu's Refrigeration by Vehumet.
 11307 | Lair:2   | Found a labyrinth entrance.
 11322 | Lab      | Entered a labyrinth
 11697 | Lab      | Noticed a minotaur
 11739 | Lab      | Mangled by a minotaur
 11740 | Lab      | Reached XP level 9. HP: -6/40 MP: 6/17
 11924 | Lab      | Learned a level 2 spell: Ensorcelled Hibernation
 12040 | Lab      | Killed a minotaur
 12040 | Lab      | Reached XP level 10. HP: 44/44 MP: 16/18
 12042 | Lab      | Identified Jogan's Reference Book on Weightlessness
 12042 | Lab      | Identified Sif Muna's Collected Works on Feathers
 12050 | Lair:2   | Noticed a six-headed hydra
 12083 | Lair:2   | Killed a six-headed hydra
 12083 | Lair:2   | Reached skill level 5 in Conjurations
 12083 | Lair:2   | Reached skill level 1 in Hexes
 12092 | Lair:2   | Found a staircase to the Snake Pit.
 12391 | Snake:1  | Entered Level 1 of the Snake Pit
 12391 | Snake:1  | Noticed a naga warrior
 12418 | Snake:1  | Noticed an anaconda
 12430 | Snake:1  | Noticed a naga mage
 12430 | Snake:1  | Noticed a mana viper
 12430 | Snake:1  | Killed a naga mage
 12431 | Snake:1  | Noticed an anaconda
 12438 | Snake:1  | Killed a mana viper
 12440 | Snake:1  | Killed an anaconda
 12646 | Snake:1  | Noticed a naga mage
 12648 | Snake:1  | Killed a naga mage
 12648 | Snake:1  | Reached XP level 11. HP: 48/48 MP: 21/21
 12723 | Snake:1  | Killed from afar by a naga mage

Skill      XL: |  1  2  3  4  5  6  7  8  9 10 11 |
---------------+----------------------------------+-----
Stealth        | 3 5 4 6 7 9 11 | 11.6
Unarmed Combat | 4 5 7 8 10 11 | 11.0
Dodging        | 5 6 8 9 10 | 10.8
Spellcasting   | 1 2 3 4 6 |  6.3
Conjurations   | 1 2 3 5 |  5.6
Fighting       | 4 5 |  5.3
Ice Magic      | 1 2 |  2.2
Fire Magic     | 1 |  1.0
Hexes          | 1 |  1.9
Translocations | |  0.8
Air Magic      | |  0.1
Evocations     | |  0.2

Action                   |  1- 3 |  4- 6 |  7- 9 | 10-12 || total
-------------------------+-------+-------+-------+-------++-------
Melee: Unarmed           |   103 |   152 |   424 |    98 ||   777
       Bite              |     7 |    21 |    37 |    17 ||    82
       Punch             |     3 |     4 |    17 |     7 ||    31
 Cast: Magic Dart        |       |    14 |     3 |     2 ||    19
       Searing Ray       |       |    10 |    58 |    23 ||    91
       Throw Frost       |       |       |    15 |       ||    15
       Shock             |       |       |     5 |       ||     5
       Throw Flame       |       |       |    14 |     1 ||    15
       Ensorcelled Hiber |       |       |     6 |    13 ||    19
       Force Lance       |       |       |       |    10 ||    10
       Iskenderun's Myst |       |       |       |     1 ||     1
Evoke: Wand              |       |       |     2 |       ||     2
  Use: Scroll            |       |    13 |     8 |     4 ||    25
       Potion            |       |     3 |    13 |     2 ||    18
 Stab: Sleeping          |    11 |     9 |    33 |    14 ||    67
       Distracted        |       |       |     5 |       ||     5
  Eat: Chunk             |     9 |     8 |    26 |    10 ||    53
Armor: Skin              |     6 |     8 |    19 |     4 ||    37
Dodge: Dodged            |    59 |   155 |   485 |   145 ||   844
